 Dungeon Crawl Stone Soup version 0.29-a0-371-g91724d5b39 (webtiles) character file.

Game seed: 967193179295259124

20636 Colgate the Fighter (level 13, -17/90 HPs)
             Began as a Kobold Brigand on May 3, 2022.
             Was a High Priest of Ashenzari.
             Killed from afar by an ice statue (22 damage)
             ... with a freezing blast
             ... in an ice cave.
             The game lasted 01:36:23 (22959 turns).

Colgate the Fighter (Kobold Brigand)               Turns: 22959, Time: 01:36:23

Health: -17/90     AC: 17    Str:  9    XL:     13   Next: 13%
Magic:  25/25      EV: 32    Int: 17    God:    Ashenzari [*****.]
Gold:   326        SH:  0    Dex: 22    Spells: 12/28 levels left

rFire   . . .      SeeInvis +   (weapon currently unavailable)
rCold   . . .      Faith    .   (shield currently unavailable)
rNeg    . . .      Spirit   .   (body armour currently unavailable)
rPois   ∞          Reflect  .   (helmet currently unavailable)
rElec   +          Harm     .   (cloak currently unavailable)
rCorr   .          Rampage  .   (gloves currently unavailable)
Will    +....      Clarity  +   (boots currently unavailable)
Stlth   ++++......              M - amulet "Share My Fortune-Teller" {RegenMP, Alch, Melee} (curse)
HPRegen 0.25/turn               N - ring "Share My Mysticism" {Dex+6, Bglg, Self} (curse)
MPRegen 0.59/turn               Z - ring of the Enigmatic Sun {Will+ EV+4, Alch, Melee} (curse)

@: storm-form, blinkbolt cooldown, flying
A: cleaving, flying, small, no large weapons, nightstalker 3
a: Blinkbolt, End Transformation, Renounce Religion, Curse Item, Shatter the
Chains


You were in an ice cave.
You worshipped Ashenzari.
Ashenzari was extremely pleased with you.
You were a lightning-filled tempest!
You visited 3 branches of the dungeon, and saw 15 of its levels.
You also visited: Bailey and Ice Cave.

You collected 1775 gold pieces.
You spent 1449 gold pieces at shops.

Inventory:

Hand Weapons
 a - a +3 dagger of freezing
 x - a +2 dagger of holy wrath
 S - a +9 short sword of venom
Missiles
 d - 28 poisoned darts (quivered)
 e - 10 curare-tipped darts
 l - 17 boomerangs
 o - 6 atropa-tipped darts
Armour
 p - the cursed +1 pair of gloves of Curses and Power (melded) {Bglg, Melee}
   (You found it on level 1 of the Dungeon)

   It has a curse which improves the following skills: Beguiling: Conjurations,
   Hexes and Translocations.
   Melee Combat: Short Blades, Long Blades, Axes, Maces & Flails, Polearms,
   Staves and Unarmed Combat.
 w - the cursed +2 cloak "Behold Eternity" (melded) {Stlth+, Alch, Cun}
   (You found it in a bailey)

   It has a curse which improves the following skills: Alchemy: Poison Magic and
   Transmutations.
   Cunning:   Dodging and Stealth.
 y - the +2 helmet of Wyhed {Int+3}
   (You found it on level 6 of the Dungeon)

   Int:       It affects your intelligence (+3).
 H - +1 steam dragon scales (melded)
 O - the cursed +2 helmet of Supernal Understanding (melded) {Int+3, Fort, Elem}
   (You found it on level 8 of the Dungeon)

   It has a curse which improves the following skills: Fortitude: Armour and
   Shields.
   Elements:  Fire Magic, Ice Magic, Air Magic and Earth Magic.
 T - +0 fire dragon scales
Magical Staves
 b - a cursed staff of air (melded) {Alch, Comp}
 s - a staff of death
Jewellery
 r - an amulet of guardian spirit
 C - an amulet of reflection
 M - the cursed amulet "Share My Fortune-Teller" (around neck) {RegenMP, Alch, Melee}
   (You bought it in a shop on level 2 of the Dungeon)

   [amulet of magic regeneration]

   It increases your rate of magic regeneration.
   It has a curse which improves the following skills: Alchemy: Poison Magic and
   Transmutations.
   Melee Combat: Short Blades, Long Blades, Axes, Maces & Flails, Polearms,
   Staves and Unarmed Combat.
 N - the cursed ring "Share My Mysticism" (left fist) {Dex+6, Bglg, Self}
   (You found it on level 8 of the Dungeon)

   [ring of dexterity]

   Dex:       It affects your dexterity (+6).
   It has a curse which improves the following skills: Beguiling: Conjurations,
   Hexes and Translocations.
   Introspection: Fighting and Spellcasting.
 R - a ring of positive energy
 W - the ring of Dalesieg {Fly rElec rPois}
   (You found it on level 10 of the Dungeon)

   [ring of flight]

   rElec:     It insulates you from electricity.
   rPois:     It protects you from poison.
   Fly:       It grants you flight.
 Z - the cursed ring of the Enigmatic Sun (right fist) {Will+ EV+4, Alch, Melee}
   (You bought it in a shop on level 2 of the Dungeon)

   [ring of evasion]

   EV:        It affects your evasion (+4).
   Will:      It increases your willpower.
   It has a curse which improves the following skills: Alchemy: Poison Magic and
   Transmutations.
   Melee Combat: Short Blades, Long Blades, Axes, Maces & Flails, Polearms,
   Staves and Unarmed Combat.
Wands
 g - a wand of iceblast (5) {@v2}
 v - a wand of paralysis (17)
 F - a wand of flame (40)
 L - a wand of charming (6)
 P - a wand of mindburst (4)
 U - a wand of digging (1) {@v3}
 X - a wand of polymorph (4)
 Y - a wand of acid (5) {@v1}
Scrolls
 j - 10 scrolls of teleportation {@r3}
 k - 2 scrolls of amnesia
 m - 4 scrolls of torment
 A - a scroll of magic mapping {@r5}
 G - a scroll of holy word
 J - a scroll of summoning
 Q - 3 scrolls of silence
 V - 4 scrolls of fear
Potions
 c - a potion of ambrosia
 h - 4 potions of heal wounds {@q2}
 i - 3 potions of haste {@q4}
 n - 4 potions of might {@q3}
 q - a potion of resistance {@q5}
 t - 7 potions of magic
 u - a potion of curing {@q1}
 z - 3 potions of flight
 B - a potion of berserk rage
 D - 4 potions of mutation
 E - a potion of attraction
 I - 2 potions of cancellation
 K - a potion of brilliance
Miscellaneous
 f - a condenser vane


   Skills:
 + Level 11.9(14.2) Fighting
 - Level 3.5(6.5) Short Blades
 - Level 2.1 Throwing
 - Level 8.0 Dodging
 - Level 5.3 Stealth
 - Level 6.0(8.3) Spellcasting
 - Level 6.0(8.3) Conjurations
 - Level 10.0(13.4) Transmutations
 - Level 10.0 Air Magic
 - Level 3.1 Evocations


You had 12 spell levels left.
You knew the following spells:

 Your Spells              Type           Power      Damage    Failure   Level
a - Static Discharge      Conj/Air       38%        N/A       1%          2
b - Blink                 Tloc           16%        N/A       14%         2
c - Lightning Bolt        Conj/Air       19%        1d33      6%          5
d - Storm Form            Tmut/Air       23%        N/A       56%         7

Your spell library contained the following spells:

 Spells                   Type           Power      Damage    Failure   Level
 Foxfire                  Conj/Fire      84%        2x1d8     1%          1
 Blade Hands              Tmut           26%        N/A       1%          5
 Conjure Flame            Conj/Fire      21%        6-21      5%          3
 Animate Skeleton         Necr           14%        N/A       10%         1
 Pain                     Necr           28%        1d5       10%         1
 Scorch                   Fire           14%        2d5       16%         2
 Flame Wave               Conj/Fire      21%        2d7       19%         4
 Portal Projectile        Hex/Tloc       16%        N/A       26%         3
 Inner Flame              Hex/Fire       7%         N/A       28%         3
 Vampiric Draining        Necr           7%         2d6       30%         3
 Silence                  Hex/Air        12%        N/A       32%         5
 Manifold Assault         Tloc           8%         N/A       94%         5
 Excruciating Wounds      Necr           3%         N/A       95%         5
 Starburst                Conj/Fire      10%        6d5       95%         6
 Borgnjor's Revivificati  Necr           3%         N/A       100%        8
 Maxwell's Capacitive Co  Air            20%        ∞         100%        8


Dungeon Overview and Level Annotations

Branches:
Dungeon (12/15)            Temple (1/1) D:4            Lair (2/6) D:10
 Bailey (visited)           IceCv (1/1)
  Swamp: Lair:2-4    Shoals: Lair:2-4     Snake: Lair:2-4    Spider: Lair:2-4
    Orc: D:9-12

Altars:
Ashenzari
Cheibriados
Dithmenos
Elyvilon
Fedhas
Gozag
Hepliaklqana
Kikubaaqudgha
Makhleb
Nemelex Xobeh
Okawaru
Qazlal
Ru
Sif Muna
Trog
Uskayaw
Vehumet
Wu Jian
Xom
Yredelemnul
Zin
The Shining One

Shops:
D:2 (:=   D:3 (   D:7 *

Annotations:
D:6 kallion takana asioita
D:8 2 transporters, hansi's ghost, novice MiBe
D:11 3 runed translucent doors, feta's ghost, journeyman GnIE
D:12 Snorg IceCv exclusion: ice statue


Innate Abilities, Weirdness & Mutations

You are a lightning-filled tempest!
Your electrical attacks strike out in all directions at once.
You are incredibly evasive.
You are flying.
You are immune to poison.
Your armour is entirely melded.
You are incapable of wielding weapons or throwing items.
You are small and have problems with some larger weapons.
You are completely attuned to the shadows.


Message History

You feel a surge of power!
You turn into a lightning-filled tempest!
Your cursed staff of air {Alch, Comp} melds into your body.
The cursed +2 cloak "Behold Eternity" {Stlth+, Alch, Cun} melds into your body.
The cursed +2 helmet of Supernal Understanding {Int+3, Fort, Elem} melds into your body.
The cursed +1 pair of gloves of Curses and Power {Bglg, Melee} melds into your body.
Your +1 steam dragon scales melds into your body.
You feel less stealthy.
You feel stupid.
You hear a horrible gurgling sound!
You start resting.
Magic restored.
HP restored.
Really fly into a travel-excluded area?
The ice statue gestures at you. The bolt of cold hits you!!
Aiming: Blinkbolt
Aim: an ice statue (100% to hit)
The shock of your passage hits the ice statue but does no damage.
You blink.
The ice statue gestures at you. The freezing blast engulfs you!
You buffet the ice statue!
You are engulfed in freezing vapours.
The ice statue gestures at you. The shard of ice misses you.
You batter the ice statue!!
You are engulfed in freezing vapours.
You hit the ice statue but do no damage.
You are engulfed in freezing vapours.
* * * LOW HITPOINT WARNING * * *
The ice statue gestures at you. The freezing blast engulfs you.
* * * LOW HITPOINT WARNING * * *
Okay, then.
Unknown command.
An ice statue comes into view.
You are engulfed in freezing vapours.
* * * LOW HITPOINT WARNING * * *
The ice statue gestures at you. The freezing blast engulfs you!!
You die...

###### ########### *
.....#####..??)#....8**
** ,
......###.....[#.....,
* , , *
.......#.......#..... *
, ,
.∩..∩...........○.○..,
, , ,
.......#.......#v○... ,
, ,
......###......#○○...
,,,
.....#####..(.)#8°°.. *
,, ######
##############* ** ** *
############ ########


You could see 2 ice statues.

Vanquished Creatures
  Josephine (D:9)
  A boulder beetle (D:12)
  A hydra (Lair:1)
  A centaur warrior (D:11)
  Urug (D:10)
  Sonja (D:10)
  The ghost of P0WERM0DE the Ruffian, a novice TrCK of Xom (D:7)
  The ghost of nuaici the Basher, a novice MiFi (D:5)
  2 cyclopes
  4 cane toads
  Maggie (D:9)
  2 komodo dragons
  A rime drake (Lair:1)
  A freezing wraith (IceCv)
  3 trolls
  A hornet (D:11)
  4 dream sheep (Lair:2)
  2 shadows
  A wyvern (D:9)
  5 wraiths
  23 yaks
  A basilisk (Lair:1)
  A steam dragon (D:6)
  Edmund (D:4)
  5 acid dragons
  4 water moccasins (Lair:1)
  2 black bears
  4 sky beasts
  11 orc warriors
  An ice beast (D:6)
  An ogre (D:5)
  4 centaurs
  2 phantoms
  A kobold brigand (D:5)
  5 bullfrogs
  A necrophage (D:8)
  A gnoll sergeant (D:11)
  3 scorpions
  3 cane toad simulacra (IceCv)
  6 wights
  18 killer bees
  3 elephant simulacra (IceCv)
  4 howler monkeys
  6 crimson imps (D:9)
  2 jellies
  5 orc priests
  5 hounds
  An iguana (D:5)
  4 orc wizards
  6 gnolls
  7 adders
  6 shadow imps
  13 white imps
  2 ufetubi
  6 worms
  4 dart slugs
  33 orcs
  9 endoplasms
  4 giant cockroaches
  7 goblins
  7 hobgoblins
  2 jackals (D:1)
  6 kobolds
  3 quokkas
  9 ball pythons
  A bat (D:3)
  4 frilled lizards
  4 rats (D:3)
296 creatures vanquished.

Vanquished Creatures (others)
  17 fungi
  10 plants
27 creatures vanquished.

Grand Total: 323 creatures vanquished

Notes
Turn   | Place    | Note
-------+----------+-------------------------------------------
     0 | D:1      | Colgate the Kobold Brigand began the quest for the Orb.
     0 | D:1      | Reached XP level 1. HP: 12/12 MP: 1/1
   276 | D:1      | Reached XP level 2. HP: 17/17 MP: 2/2
   278 | D:1      | Got Xeagul's Almanac of Heat
   536 | D:1      | Reached skill level 3 in Fighting
   932 | D:2      | Reached XP level 3. HP: 23/23 MP: 3/3
  1534 | D:2      | Found Duucan's Distillery.
  1549 | D:2      | Found Ugepp's Book Boutique.
  1672 | D:2      | Found a snail-covered altar of Cheibriados.
  1897 | D:2      | Found Zolarghei's Antique Weapon Shoppe.
  1908 | D:2      | Reached XP level 4. HP: 28/28 MP: 4/4
  2501 | D:2      | Found Zuludy's Jewellery Shoppe.
  2692 | D:3      | Found a faded altar of an unknown god.
  2781 | D:3      | Reached skill level 4 in Fighting
  3264 | D:3      | Found Tapruac's Weapon Emporium.
  3761 | D:3      | Reached XP level 5. HP: 33/33 MP: 5/5
  3825 | D:4      | Reached skill level 5 in Fighting
  3832 | D:4      | Identified a scroll of acquirement
  3917 | D:4      | Reached XP level 6. HP: 40/40 MP: 6/6
  4072 | D:4      | Reached skill level 6 in Fighting
  4078 | D:4      | Found a blossoming altar of Fedhas.
  4116 | D:4      | Noticed Edmund
  4126 | D:4      | Killed Edmund
  4127 | D:4      | Reached XP level 7. HP: 11/46 MP: 2/7
  4841 | D:4      | Found a staircase to the Ecumenical Temple.
  4849 | Temple   | Entered the Ecumenical Temple
  5077 | Temple   | Became a worshipper of Ashenzari the Shackled
  5489 | D:4      | Reached skill level 1 in Air Magic
  5531 | D:5      | Entered Level 5 of the Dungeon
  5551 | D:5      | Reached skill level 1 in Conjurations
  5924 | D:5      | Found a runed translucent gate.
  5924 | D:5      | Found a runed translucent gate.
  5926 | D:5      | Found a runed translucent gate.
  6062 | D:5      | Reached XP level 8. HP: 51/51 MP: 12/12
  6286 | D:5      | Found a bloodstained altar of Trog.
  6492 | D:5      | Noticed nuaici's ghost (novice MiFi)
  6494 | D:5      | Found an opulent altar of Gozag.
  7528 | D:6      | Reached * piety under Ashenzari
  7709 | D:6      | Acquired 749 gold pieces
  7830 | D:2      | Bought a book of Lightning for 432 gold pieces
  7833 | D:2      | Learned a level 2 spell: Static Discharge
  7836 | D:2      | Learned a level 2 spell: Blink
  8160 | D:6      | Reached skill level 5 in Conjurations
  8306 | D:6      | Reached XP level 9. HP: 54/57 MP: 14/14
  8433 | D:7      | Found a flagged portal.
  8448 | D:7      | Reached skill level 7 in Fighting
  8481 | Bailey   | Entered a bailey
  8805 | Bailey   | Reached skill level 8 in Fighting
  9064 | Bailey   | Identified the +3 plate armour of Cynicism {rN+ Will+}
  9248 | Bailey   | Reached skill level 5 in Dodging
 10446 | D:7      | Reached skill level 5 in Air Magic
 10809 | D:7      | Found Vatig's Assorted Antiques.
 10836 | D:7      | Bought a lumpy purple potion for 23 gold pieces
 10836 | D:7      | Bought a sharpened glass wand for 104 gold pieces
 10836 | D:7      | Bought a scroll labelled QAEKOMUOSI for 26 gold pieces
 11114 | D:7      | Found a runed translucent door.
 11229 | D:7      | Found a white marble altar of Elyvilon.
 11251 | D:7      | Noticed P0WERM0DE's ghost (novice TrCK)
 11255 | D:7      | Killed P0WERM0DE's ghost
 11256 | D:7      | Reached XP level 10. HP: 65/65 MP: 15/15
 11582 | D:7      | Found Vatig's Assorted Antiques.
 12083 | D:7      | Found a white marble altar of Elyvilon.
 12185 | D:8      | Found a transporter.
 12186 | D:8      | Found a transporter.
 12327 | D:2      | Bought an amulet of magic regeneration for 330 gold pieces
 12337 | D:2      | Reached ** piety under Ashenzari
 12661 | D:8      | Learned a level 5 spell: Lightning Bolt
 13045 | D:8      | Found a large runed translucent door.
 13045 | D:8      | Found a large runed translucent door.
 13056 | D:8      | Identified the +2 helmet of Wyhed {Int+3}
 13211 | D:8      | Reached skill level 1 in Evocations
 13603 | D:8      | Noticed a manticore
 13697 | D:8      | Noticed a tengu warrior
 14211 | D:9      | Noticed a cyclops
 14214 | D:9      | Reached skill level 9 in Fighting
 14486 | D:9      | Identified Urar's Volume of Evil Secrets and Air
 14649 | D:9      | Reached skill level 10 in Fighting
 14709 | D:9      | Reached XP level 11. HP: 60/72 MP: 10/17
 14777 | D:9      | Found an opulent altar of Gozag.
 14934 | D:10     | Entered Level 10 of the Dungeon
 14936 | D:10     | Noticed Josephine
 15074 | D:9      | Noticed Maggie
 15088 | D:9      | Killed Maggie
 15522 | D:9      | Killed a cyclops
 15523 | D:9      | Reached skill level 11 in Fighting
 15813 | D:9      | Found an ornate altar of the Wu Jian Council.
 15818 | D:9      | Found an iron altar of Okawaru.
 15826 | D:9      | Found a burning altar of Makhleb.
 15908 | D:10     | Noticed Sonja
 15912 | D:10     | Killed Sonja
 15923 | D:10     | Noticed Urug
 16184 | D:8      | Noticed hansi's ghost (novice MiBe)
 16895 | D:9      | Found an opulent altar of Gozag.
 16976 | D:9      | Killed Josephine
 16977 | D:9      | Reached skill level 5 in Spellcasting
 17303 | D:9      | Found a burning altar of Makhleb.
 17311 | D:9      | Found an iron altar of Okawaru.
 17318 | D:9      | Found an ornate altar of the Wu Jian Council.
 17891 | D:10     | Killed Urug
 17906 | D:10     | Reached skill level 10 in Air Magic
 18090 | D:10     | Reached skill level 1 in Transmutations
 18165 | D:10     | Identified the ring of Dalesieg {Fly rElec rPois}
 18337 | D:10     | Identified the +0 cloak of Ru, Fortifying {Drain rPois
                  | Slay+5 SInv}
 18408 | D:10     | Reached XP level 12. HP: 57/80 MP: 4/21
 18705 | D:2      | Bought the ring "Uttuer" {Will+ EV+4} for 534 gold pieces
 18707 | D:2      | Reached *** piety under Ashenzari
 18748 | D:6      | Identified the +2 helmet of Wyhed {Int+3}
 18867 | D:8      | Found a sparkling altar of Nemelex Xobeh.
 18878 | D:8      | Found a glowing silver altar of Zin.
 19071 | D:5      | Killed nuaici's ghost
 19583 | D:10     | Found a staircase to the Lair.
 19596 | D:11     | Found a runed translucent gate.
 19596 | D:11     | Found a runed translucent gate.
 19596 | D:11     | Found a runed translucent gate.
 19743 | D:11     | Reached skill level 5 in Transmutations
 19802 | D:11     | Noticed a centaur warrior
 19810 | D:11     | Killed a centaur warrior
 20271 | D:11     | Found a shimmering altar of Xom.
 20273 | D:11     | Found a shimmering altar of Xom.
 20273 | D:11     | Found a shimmering altar of Xom.
 20273 | D:11     | Found a shimmering altar of Xom.
 20274 | D:11     | Found a shimmering altar of Xom.
 20499 | D:11     | Found a shimmering altar of Xom.
 20751 | D:11     | Reached **** piety under Ashenzari
 20989 | D:12     | Noticed Snorg
 20998 | D:12     | Noticed a boulder beetle
 21279 | D:12     | Killed a boulder beetle
 21459 | D:11     | Noticed feta's ghost (journeyman GnIE)
 21473 | Lair:1   | Entered Level 1 of the Lair of Beasts
 21489 | Lair:1   | Reached ***** piety under Ashenzari
 21515 | Lair:1   | Learned a level 7 spell: Storm Form
 21632 | Lair:1   | Identified the cursed +2 cloak "Behold Eternity" {Stlth+,
                  | Alch, Cun} (You found it in a bailey)
 21632 | Lair:1   | Identified the cursed +2 helmet of Supernal Understanding
                  | {Int+3, Fort, Elem} (You found it on level 8 of the
                  | Dungeon)
 21632 | Lair:1   | Identified the cursed +1 pair of gloves of Curses and Power
                  | {Bglg, Melee} (You found it on level 1 of the Dungeon)
 21843 | Lair:1   | Noticed a four-headed hydra
 22199 | Lair:1   | Killed a four-headed hydra
 22433 | Lair:1   | Identified the +9 dagger of Axyips {drain, rCorr Str+4
                  | SInv}
 22613 | Lair:2   | Reached skill level 10 in Transmutations
 22613 | Lair:2   | Reached XP level 13. HP: 88/88 MP: 25/25
 22861 | Lair:2   | Found a frozen archway.
 22874 | IceCv    | Entered an ice cave
 22959 | IceCv    | Killed from afar by an ice statue

Illustrated notes

Levels and vault maps discovered:
D:1:      evilmike_arrival_fibonacci_small, layout_loops_ring
D:2:      layout_basic, serial_shops, shop, shop, shop, shop, basic_altar,
          kennysheep_pointless_box, chequers_decorated_corner, minmay_ruptured
D:3:      minmay_skewed_foursquare, layout_loops_ring, serial_shops,
          nicolae_shop_bloodbath_and_beyond, nicolae_ecumenical_oubliette
D:4:      layout_basic, fedhas_ov_isle_minmay, minmay_temple_entry_stoned_glass,
          chequers_serial_rivers_room_b, uniq_edmund
D:5:      layout_basic, lemuel_crystal_altar, ebering_ghost_gozag
D:6:      layout_loops_ring, serial_glass, glass_columns_a, glass_columns_c,
          item_on_display_b, due_unseen_surprise, minmay_misc_feat_alley
D:7:      layout_basic, lemuel_doored_altar, ebering_ghost_reflecting_pool,
          enter_bailey_7, serial_shops, nicolae_shop_waterfront,
          chequers_serial_rivers_micro_b
D:8:      layout_loops_corners, jmf_multi_god_temple2, nzn_ghost_randoct,
          minmay_misc_feat_x, minmay_fractal_squares_gapless_5
D:9:      layout_rooms, nicolae_gozag_cash_rules_everything_around_me,
          minmay_overflow_temple_star_quad, minmay_nine_imps, uniq_maggie
D:10:     layout_small_grid, grunt_lair_entry_orc_guard_hut, uniq_urug,
          uniq_sonja, uniq_josephine
D:11:     layout_irregular_city, gammafunk_ghost_spectres, xom_shifter_show
D:12:     layout_basic, orc_0_dummy, uniq_snorg
Temple:   dshaligram_water_room_temple
Lair:1:   layout_gridlike, lemuel_fruit_tree, grunt_megastairs_1,
          lemuel_fruit_fields
Lair:2:   layout_gridlike, skrybe_swamp_entry_bodies, portal_ice_cave_entry_imps
IceCv:    ice_cave_statue_garden_chambered

Skill      XL: |  1  2  3  4  5  6  7  8  9 10 11 12 |
---------------+-------------------------------------+-----
Short Blades   | 3 |  3.5
Fighting       | 3 4 5 6 8 10 11 | 11.9
Dodging        | 2 3 4 6 8 |  8.0
Air Magic      | 2 4 8 10 | 10.0
Conjurations   | 1 5 6 |  6.0
Spellcasting   | 3 4 6 |  6.0
Evocations     | 3 |  3.1
Transmutations | 1 10 | 10.0
Throwing       | |  2.1
Stealth        | |  5.3

Action                   |  1- 3 |  4- 6 |  7- 9 | 10-12 | 13-15 || total
-------------------------+-------+-------+-------+-------+-------++-------
Melee: Dagger            |    73 |   112 |    96 |    96 |       ||   377
       Punch             |     1 |     3 |       |     2 |       ||     6
       Short sword       |       |       |   169 |    23 |       ||   192
       Staff             |       |       |       |    19 |       ||    19
       Unarmed           |       |       |       |    67 |    47 ||   114
Throw: Dart              |       |     2 |     2 |       |       ||     4
       Boomerang         |       |       |     2 |       |       ||     2
 Cast: Static Discharge  |       |       |    28 |    93 |       ||   121
       Lightning Bolt    |       |       |       |    65 |       ||    65
       Blink             |       |       |       |     3 |       ||     3
       Storm Form        |       |       |       |    11 |     2 ||    13
Invok: Curse Item        |       |       |     3 |     7 |       ||    10
       Shatter the Chain |       |       |     1 |     2 |       ||     3
 Abil: Blinkbolt         |       |       |       |       |     1 ||     1
Evoke: Wand              |       |       |       |     1 |       ||     1
  Use: Scroll            |     1 |     7 |     5 |     8 |       ||    21
 Stab: Sleeping          |    16 |    15 |    22 |    26 |       ||    79
       Distracted        |     1 |       |       |       |       ||     1
       Invisible         |       |     1 |       |       |       ||     1
Armor: Robe              |     8 |    16 |    17 |       |       ||    41
       Steam dragon scal |       |       |    36 |    50 |       ||    86
       Skin              |       |       |       |     9 |     8 ||    17
Dodge: Dodged            |    32 |    43 |   200 |   328 |    68 ||   671

Table legend: (Time is in decaauts)
 A = Elapsed time spent in this place.
 B = Non-inter-level travel time spent in this place.
 C = Inter-level travel time spent in this place.
 D = Time resting spent in this place.
 E = Time spent auto-exploring this place.
 F = Levels seen in this place.
 G = Mean time per level.
                   A        B        C        D        E       F      G
               +--------+--------+--------+--------+--------+-----+--------+
         Total |  23322 |  21351 |   1971 |   3002 |  15150 |  17 | 1371.9 |
       Dungeon |  19926 |  17997 |   1929 |   2643 |  12864 |  12 | 1660.5 |
        Temple |    244 |    244 |      0 |      0 |    206 |   1 |  244.0 |
          Lair |   1384 |   1342 |     42 |    223 |    747 |   2 |  692.0 |
        Bailey |   1681 |   1681 |      0 |    102 |   1320 |   1 | 1681.0 |
      Ice Cave |     84 |     84 |      0 |     33 |     13 |   1 |   84.0 |
               +--------+--------+--------+--------+--------+-----+--------+

Top non-repeatable levels by time:
     D:9: 3166 daAuts
     D:7: 2575 daAuts
     D:8: 2440 daAuts
  Bailey: 1681 daAuts
     D:2: 1671 daAuts
     D:3: 1638 daAuts
     D:5: 1495 daAuts
     D:4: 1491 daAuts
     D:6: 1399 daAuts
    D:11: 1349 daAuts
  Lair:1: 1322 daAuts
     D:1: 1186 daAuts
    D:10: 1020 daAuts
    D:12: 490 daAuts
  Temple: 244 daAuts
